 Dungeon Crawl Stone Soup version 0.32-a0-22-g6ae6769602 (webtiles) character file.

Game seed: 4914096496464552435

182 DApurpleWHUMPUS the Ducker (level 5, -1/28 HPs)
             Began as a Deep Elf Air Elementalist on Jan 18, 2024.
             Slain by a sleepcap (8 damage)
             ... on level 4 of the Dungeon.
             The game lasted 00:05:42 (3633 turns).

DApurpleWHUMPUS the Ducker (DEAE)                   Turns: 3633, Time: 00:05:45

Health: -1/28      AC:  3    Str:  5    XL:     5   Next: 34%
Magic:  6/13       EV: 14    Int: 20    God:
Gold:   133        SH:  0    Dex: 17    Spells: 11/12 levels left

rFire   + . .        q - +2 spear of Taecuhas {flame, rF+}
rCold   . . .        (no shield)
rNeg    . . .        a - +0 robe
rPois   .            m - +0 helmet
rElec   .            (no cloak)
rCorr   .            (no gloves)
SInv    .            (no boots)
Will    .....        (no amulet)
Stlth   ++           (no ring)
HPRegen 0.24/turn    (no ring)
MPRegen 0.13/turn

%: no passive effects
@: very slightly contaminated
A: no striking features
a: no special abilities


You were on level 4 of the Dungeon.
You visited 1 branch of the dungeon, and saw 4 of its levels.

You collected 133 gold pieces.

Inventory:

Hand Weapons
 i - a +5 dagger
 q - the +2 spear of Taecuhas (weapon) {flame, rF+}
   (You found it on level 3 of the Dungeon)

   rF+:       It protects you from fire.
Armour
 a - a +0 robe (worn)
 m - a +0 helmet (worn)
Scrolls
 d - a scroll of identify {unknown}
 f - a scroll of torment {unknown}
 g - 2 scrolls of teleportation {unknown}
 k - 2 scrolls of silence {unknown}
 l - a scroll of blinking {unknown}
 n - a scroll of revelation {unknown}
 o - a scroll of amnesia {unknown}
 p - a scroll of enchant weapon {unknown}
Potions
 b - a potion of magic
 c - 2 potions of curing
 e - a potion of might {unknown}
 h - a potion of attraction {unknown}
 j - a potion of berserk rage {unknown}


   Skills:
 * Level 4.7 Dodging
 - Level 2.4 Stealth
 + Level 4.3 Spellcasting
 + Level 2.6 Conjurations
 + Level 3.7 Air Magic


You had 11 spell levels left.
You knew the following spells:

 Your Spells              Type           Power      Damage    Failure   Level
a - Shock                 Conj/Air       68%        1d7       3%          1

Your spell library contained the following spells:

 Spells                   Type           Power      Damage    Failure   Level
 Static Discharge         Conj/Air       34%        3-5/arc   4%          2
 Swiftness                Air            19%        N/A       8%          3
 Airstrike                Air            9%         2d(2-18)  26%         4


Dungeon Overview and Level Annotations

Branches:
Dungeon (4/15)
 Temple: D:4-7

Altars:


Message History

You hit the sleepcap but do no damage.
The sleepcap is lightly damaged.
The sleepcap releases spores at you.
You hit the sleepcap. You burn the sleepcap.
The sleepcap is lightly damaged.
The sleepcap releases spores at you.
The zap hits the sleepcap.
The sleepcap is moderately damaged.
The sleepcap barely misses you.
The zap hits the sleepcap.
The sleepcap is moderately damaged.
The sleepcap misses you.
The zap hits the sleepcap.
The sleepcap is severely damaged.
The sleepcap releases spores at you.
The zap hits the sleepcap but does no damage.
The sleepcap is severely damaged.
The sleepcap misses you.
You miscast Shock.
You are very lightly contaminated with residual magic.
Nothing appears to happen.
The sleepcap closely misses you.
Unknown command.
The zap hits the sleepcap.
The sleepcap is severely damaged.
The sleepcap releases spores at you.
You are engulfed in a cloud of soporific spores!
You fall asleep.
The sleepcap releases spores at you!
You wake up.
* * * LOW HITPOINT WARNING * * *
You are too injured to fight recklessly!
You are too injured to fight recklessly!
Casting: Shock (safe; 3% risk of failure)
Confirm with . or Enter, or press ? or * to list all spells.
Aiming: Shock (safe; 3% risk of failure)
Press: ? - help, Shift-Dir - straight line, f/p - sleepcap
Aim: a sleepcap (severely damaged, 100% to hit)
The zap hits the sleepcap.
The sleepcap is severely damaged.
The sleepcap releases spores at you!
You die...

# ## #..
#####[.###
#..)#...#.....
#..@..#
##f..##
#.###.## #..
#...# #. #...#
#. #...#
.#.###.##
.###...######
#.....#...#


You could see a sleepcap.

Vanquished Creatures
  A bombardier beetle (D:3)
  An orc priest (D:3)
  A gnoll (D:1)
  4 adders
  A dart slug (D:3)
  A ribbon worm (D:2)
  7 orcs (D:3)
  5 endoplasms
  4 giant cockroaches
  3 goblins
  6 hobgoblins
  9 kobolds
  A quokka (D:1)
  7 ball pythons
  A bat (D:1)
  5 frilled lizards
  11 rats
68 creatures vanquished.

Notes
Turn   | Place    | Note
-------+----------+-------------------------------------------
     0 | D:1      | DApurpleWHUMPUS the Deep Elf Air Elementalist began the
                  | quest for the Orb.
     0 | D:1      | Reached XP level 1. HP: 10/10 MP: 6/6
   409 | D:1      | Reached XP level 2. HP: 15/15 MP: 4/8
   990 | D:1      | Reached XP level 3. HP: 11/19 MP: 4/9
  1871 | D:2      | Reached XP level 4. HP: 16/24 MP: 6/11
  2874 | D:3      | Reached XP level 5. HP: 21/28 MP: 2/13
  3430 | D:3      | Identified the +2 spear of Taecuhas {flame, rF+}
  3633 | D:4      | Slain by a sleepcap

Illustrated notes

Levels and vault maps discovered:
D:1:      lightli_arrival_windingriver, layout_basic
D:2:      layout_loops_corners, minmay_misc_feat_rows, minmay_stone_trees_small,
          chequers_hall_statues_corner_a, kennysheep_cross_room
D:3:      layout_rooms, grunt_ministairs_8
D:4:      nicolae_cairo_tiling, layout_loops_corners, st_stairs_8

Skill      XL: |  1  2  3  4 |
---------------+-------------+-----
Dodging        | 3 4 |  4.7
Conjurations   | 2 |  2.6
Spellcasting   | 4 |  4.3
Stealth        | |  2.4
Air Magic      | |  3.7

Action                     |  1- 3 |  4- 6 || total
---------------------------+-------+-------++-------
  Melee: Dagger            |       |     2 ||     2
         Spear             |       |     2 ||     2
   Cast: Shock             |    73 |    71 ||   144
    Use: Potion            |     3 |       ||     3
 Armour: Robe              |     4 |    10 ||    14
  Dodge: Dodged            |     3 |    15 ||    18

Table legend: (Time is in decaauts)
 A = Elapsed time spent in this place.
 B = Non-inter-level travel time spent in this place.
 C = Inter-level travel time spent in this place.
 D = Time resting spent in this place.
 E = Time spent auto-exploring this place.
 F = Levels seen in this place.
 G = Mean time per level.
                   A        B        C        D        E       F      G
               +--------+--------+--------+--------+--------+-----+--------+
         Total |   3632 |   3570 |     62 |    359 |   2887 |   4 |  908.0 |
       Dungeon |   3632 |   3570 |     62 |    359 |   2887 |   4 |  908.0 |
               +--------+--------+--------+--------+--------+-----+--------+

Top non-repeatable levels by time:
     D:2: 1344 daAuts
     D:1: 1213 daAuts
     D:3: 1020 daAuts
     D:4: 55 daAuts
